 Dungeon Crawl Stone Soup version 0.28-a0-657-g71136c5590 (webtiles) character file.

Game seed: 7314700160023975628

102 KristoblXynda the Slasher (level 4, 0/34 HPs)
             Began as a Vampire Gladiator on Oct 13, 2021.
             Slain by Terence (10 damage)
             ... on level 2 of the Dungeon.
             The game lasted 00:01:56 (1571 turns).

KristoblXynda the Slasher (Vampire Gladiator)       Turns: 1571, Time: 00:01:57

Health: 0/34       AC:  4    Str: 14    XL:     4   Next: 50%
Magic:  4/4        EV: 13    Int: 10    God:
Gold:   67         SH:  0    Dex: 15    Spells: 3/3 levels left

rFire   . . .      SeeInvis +   a - +0 long sword
rCold   . . .      Faith    .   (no shield)
rNeg    . . .      Spirit   .   b - +0 leather armour
rPois   .          Reflect  .   c - +0 helmet
rElec   .          Harm     .   (no cloak)
rCorr   .          Rampage  .   (no gloves)
Will    .....                   (no boots)
Stlth   ++........              (no amulet)
HPRegen 0.31/turn               (no ring)
MPRegen 0.09/turn               (no ring)

@: healing quickly
A: alive, fangs 3, see invisible, vampiric 2
a: Exsanguinate


You were on level 2 of the Dungeon.
You visited 1 branch of the dungeon, and saw 2 of its levels.

You collected 67 gold pieces.

Inventory:

Hand Weapons
 a - a +0 long sword (weapon)
Armour
 b - a +0 leather armour (worn)
 c - a +0 helmet (worn)
Jewellery
 k - a ring of fire
Scrolls
 e - a scroll of identify {unknown}
 h - a scroll of amnesia {unknown}
 j - a scroll of noise {unknown}
Potions
 f - a potion of ambrosia {unknown}
 g - a potion of mutation {unknown}
 i - a potion of might {unknown}


   Skills:
 + Level 2.4 Fighting
 * Level 4.0 Long Blades
 - Level 2.0 Throwing
 + Level 4.0 Dodging
 + Level 2.0 Stealth


You had 3 spell levels left.
You didn't know any spells.
Your spell library was empty.

Dungeon Overview and Level Annotations

Branches:
Dungeon (2/15)

Altars:
Elyvilon

Annotations:
D:2 1 runed translucent door, Crazy Yiuf, Terence


Innate Abilities, Weirdness & Mutations

Your natural rate of healing is accelerated.
You have razor-sharp teeth.
You have supernaturally acute eyesight. (SInv)
You are afflicted with vampirism and can become a bat while bloodless.


Message History

Okay, then.
Terence closely misses you.
You slash Terence!
Terence is heavily wounded.
Terence hits you with a +0 trident!
You barely miss Terence. You bite Terence, but do no damage.
Terence is heavily wounded.
Terence says, "Did you write a will?
You should..."
Terence misses you. Terence hits you with a +0 trident.
You hit Terence but do no damage.
Terence is heavily wounded.
Terence hits you with a +0 trident.
You hit Terence but do no damage.
Terence is heavily wounded.
Terence hits you with a +0 trident!
* * * LOW HITPOINT WARNING * * *
You barely miss Terence. You bite Terence.
Terence is severely wounded.
Terence says, "How do you enjoy it?" Terence barely misses you.
Unknown command.
Throw: 2 throwing nets
Press: ? - help, Q - select action Shift-Dir - straight line, f - Terence
Aim: Terence, wielding a +0 trident and wearing a +0 chain mail (severely wounded, 68% to hit)
You throw a throwing net. The throwing net barely misses Terence.
The throwing net hits the adder.
The adder is caught in the net!
The adder struggles against the net.
Terence misses you.
Throw: throwing net
Press: ? - help, Q - select action Shift-Dir - straight line, f/p - Terence
Aim: Terence, wielding a +0 trident and wearing a +0 chain mail (severely wounded, 68% to hit)
You throw a throwing net.
The throwing net closely misses Terence.
The throwing net hits the adder.
The adder struggles against the net.
Terence misses you.
The adder struggles against the net.
You hit Terence.
Terence is almost dead.
The adder struggles against the net.
Terence hits you with a +0 trident!
You die...

###### #.##.# #....# #..#.#
#######.#.#
#########..S@@..#.#
#......##.#######.#
#......S..###..)..#
#...?..#......################
#......#......................
#......#.###..########.....#.#
#......#>...........##.......#
#...S..#.###.........#........
#...........#.#####..#.....#..


You could see Terence and an adder (caught).

Vanquished Creatures
  Natasha (twice) (D:2)
  A worm (D:2)
  A dart slug (D:1)
  3 endoplasms
  3 giant cockroaches
  6 hobgoblins
  7 jackals (D:1)
  6 kobolds
  2 quokkas (D:1)
  4 ball pythons
  4 bats
  A frilled lizard (D:1)
  3 goblins
  4 rats
47 creatures vanquished.

Notes
Turn   | Place    | Note
-------+----------+-------------------------------------------
     0 | D:1      | KristoblXynda the Vampire Gladiator began the quest for the
                  | Orb.
     0 | D:1      | Reached XP level 1. HP: 16/16 MP: 1/1
   348 | D:1      | Reached XP level 2. HP: 22/22 MP: 2/2
   715 | D:1      | Gained mutation: You are afflicted with vampirism and can
                  | become a bat while bloodless. [Vampire growth]
   715 | D:1      | Reached XP level 3. HP: 24/27 MP: 3/3
  1194 | D:2      | Noticed Natasha
  1199 | D:2      | Killed Natasha
  1200 | D:2      | Reached skill level 1 in Stealth
  1203 | D:2      | Reached XP level 4. HP: 26/34 MP: 4/4
  1384 | D:2      | Found a runed translucent door.
  1385 | D:2      | Noticed Crazy Yiuf
  1485 | D:2      | Noticed Natasha
  1498 | D:2      | Killed Natasha
  1551 | D:2      | Noticed Terence
  1571 | D:2      | Slain by Terence

Illustrated notes

Levels and vault maps discovered:
D:1:      minmay_arrival_arboretum_small, layout_loops_corners
D:2:      layout_basic, basic_altar, corexii_item_surrounded_by_moat,
          roderic_st_hans_cross, uniq_crazy_yiuf_cottage, uniq_natasha,
          uniq_terence

Skill      XL: |  1  2  3  4 |
---------------+-------------+-----
Fighting       | 2 |  2.4
Throwing       | 2 |  2.0
Stealth        | 1 2 |  2.0
Long Blades    | 4 |  4.0
Dodging        | 4 |  4.0

Action                   |  1- 3 |  4- 6 || total
-------------------------+-------+-------++-------
Melee: Long sword        |   104 |    31 ||   135
       Bite              |    10 |     5 ||    15
Throw: Throwing net      |       |     4 ||     4
 Stab: Sleeping          |     4 |       ||     4
Armor: Leather armour    |    33 |     6 ||    39
Dodge: Dodged            |    81 |    18 ||    99

Table legend: (Time is in decaauts)
 A = Elapsed time spent in this place.
 B = Non-inter-level travel time spent in this place.
 C = Inter-level travel time spent in this place.
 D = Time resting spent in this place.
 E = Time spent auto-exploring this place.
 F = Levels seen in this place.
 G = Mean time per level.
                   A        B        C        D        E       F      G
               +--------+--------+--------+--------+--------+-----+--------+
         Total |   1614 |   1568 |     46 |    139 |   1065 |   2 |  807.0 |
       Dungeon |   1614 |   1568 |     46 |    139 |   1065 |   2 |  807.0 |
               +--------+--------+--------+--------+--------+-----+--------+

Top non-repeatable levels by time:
     D:1: 976 daAuts
     D:2: 638 daAuts
